Map: Prion Terraces

Players

Joera

  • Race: Protoss Protoss
  • League: Diamond

shoan - Winner!

  • Race: Zerg Zerg
  • League: Diamond

VOD

Have the link to the VOD?

Description

Time

  • Played on: Dec. 17, 2015, 10:21 a.m.
  • Length: 7:24
Show
View Real Time Build Order
Export as new Build Order

Joera Protoss 

Build Orders:  

Get SALT Encoding   

  12  0:01  Probe (Chrono Boost)  
  13  0:12  Probe (Chrono Boost)  
  14  0:19  Pylon  
  14  0:30  Probe (Chrono Boost)  
  15  0:40  Gateway  
  15  0:41  Probe (Chrono Boost)  
  16  0:45  Assimilator  
  16  0:51  Probe (Chrono Boost)  
  17  1:02  Probe (Chrono Boost)  
  18  1:12  Probe (Chrono Boost)  
  18  1:15  Assimilator  
  19  1:23  Probe (Chrono Boost)  
  20  1:27  Cybernetics Core  
  20  1:28  Zealot  
  20  1:31  Pylon  
  22  1:34  Probe (Chrono Boost)  
  23  1:49  Probe (Chrono Boost)  
  23  1:58  Pylon  
  23  2:04  Adept  
  23  2:05  Warp Gate (Chrono Boost)  
  25  2:09  Mothership Core (Chrono Boost)  
  27  2:29  Robotics Facility  
  27  2:42  Stalker  
  29  2:49  Pylon  
  29  2:53  Probe (Chrono Boost)  
  30  3:09  Gateway x2  
  30  3:15  Robotics Facility  
  30  3:27  Immortal  
  34  4:04  Immortal  
  34  4:06  Immortal  
  38  4:28  Stalker x3  
  44  4:42  Warp Prism  
  46  5:02  Pylon  
  46  5:06  Pylon  
  46  5:20  Immortal (Chrono Boost)  
  54  5:24  Immortal (Chrono Boost)  
  54  5:29  Adept  
  54  5:35  Adept  
  58  5:40  Adept  
  60  5:47  Pylon  
  60  5:54  Adept  
  62  6:05  Adept  
  62  6:06  Adept  
  66  6:32  Adept x2  
  42  7:02  Stalker x2  
  42  7:03  Stalker  
Show
View Real Time Build Order
Export as new Build Order

shoan Zerg - Winner!

Build Orders: Pool First 

Get SALT Encoding   

  12  0:01  Drone  
  13  0:13  Overlord  
  13  0:19  Drone  
  14  0:29  Extractor  
  13  0:37  Spawning Pool  
  13  0:42  Drone  
  13  0:44  Drone  
  14  0:55  Drone  
  15  1:21  Hatchery  
  15  1:24  Zergling x2  
  15  1:26  Zergling x2  
  16  1:35  Metabolic Boost  
  16  1:48  Queen  
  18  1:54  Zergling x2  
  18  1:55  Zergling x2  
  20  2:10  Drone  
  20  2:11  Drone  
  22  2:16  Overlord  
  22  2:32  Queen  
  24  2:40  Evolution Chamber  
  24  2:41  Drone x2  
  25  2:49  Drone  
  26  3:03  Drone x2  
  26  3:04  Drone  
  29  3:12  Zergling x4  
  31  3:25  Drone x2  
  33  3:28  Drone x3  
  36  3:47  Spore Crawler  
  34  3:57  Zergling x4  
  34  3:59  Overlord x2  
  36  4:13  Overlord  
  36  4:14  Hatchery, Overlord  
  36  4:15  Zergling x2  
  35  4:17  Zergling x2  
  35  4:19  Zergling x2  
  35  4:20  Zergling x2  
  37  4:27  Zergling x2  
  37  4:28  Zergling x2  
  37  4:30  Roach Warren  
  37  4:31  Zergling x6  
  41  4:42  Drone x2  
  43  4:47  Drone  
  44  5:04  Spore Crawler  
  44  5:05  Queen  
  45  5:12  Roach  
  45  5:13  Roach x6  
  61  5:15  Lair  
  61  5:20  Roach  
  61  5:33  Queen  
  61  5:34  Roach  
  61  5:35  Roach x4  
  73  5:48  Overlord x2  
  73  5:53  Extractor  
  72  6:04  Roach  
  72  6:06  Spore Crawler, Overlord x3  
  72  6:09  Ravager  
  74  6:14  Drone x2  
  74  6:15  Drone x2  
  78  6:23  Drone x3  
  78  6:24  Drone  
  82  6:29  Overlord  
  82  6:34  Ravager  
  82  6:37  Zergling x4  
  82  6:38  Zergling x2  
  79  6:59  Zergling x14  
  79  7:00  Zergling x8  
Tags
 
Add a new tag
Caveats
  • Supply blocks, unpowered buildings, or Contaminate may cause inaccurate times.
  • Supply counts are checked every 10 seconds.